 Dungeon Crawl Stone Soup version 0.30-a0-168-g0b976cbdc4 (webtiles) character file.

Game seed: 13688545071026467718

596372 Flugkiller the Crack Shot (level 26, -10/222 HPs)
             Began as a Mummy Hunter on Sept 29, 2022.
             Was a High Priest of Okawaru.
             Killed from afar by a lich (22 damage)
             ... with a bolt of cold
             ... led by Yralid
             ... while paralysed by you
             ... on level 10 of the Dungeon.
             The game lasted 01:46:53 (49275 turns).

Flugkiller the Crack Shot (Mummy Hunter)           Turns: 49275, Time: 01:46:54

Health: -10/222    AC: 28    Str:  9    XL:     26   Next: 36%
Magic:  27/33      EV:  2    Int: 20    God:    Okawaru [*****.]
Gold:   5760       SH:  0    Dex: 44    Spells: 31/39 levels left

rFire   + + .      SeeInvis .    b - +9 triple crossbow (vorpal)
rCold   + . .      Faith    +    (shield currently unavailable)
rNeg    + + +      Spirit   .    R - +5 ring mail of the Dice {rF++ rC+ Int+4 Dex-2}
rPois   ∞          Reflect  .    U - +2 helmet "Bekled" {Dex+4 Slay+2}
rElec   .          Harm     .    E - +2 cloak {Will+}
rCorr   .          Rampage  .    A - +2 pair of gloves {Dex+3}
Will    ++++.                    P - +4 pair of boots of Zaipre Leol {rN++ Int+2}
Stlth   +.........               M - amulet "Acwoic" {Regen+ Dex+2 Stlth+}
HPRegen 1.27/turn                m - ring of Gifenti {Fire rN+ Str-5 Int+3 Dex+6}
MPRegen 0.23/turn                N - ring of Pon Jyme {Dex+6 Slay+2}

@: confused, paralysed, mighty, agile, finesse-ful, hasted, studying 3 skills,
invisible
A: cold resistance 1, negative energy resistance 3, torment resistance 2, heat
vulnerability 1, in touch with death 2, no potions, faith
0: Orb of Zot
}: 3/15 runes: serpentine, barnacled, silver
a: Renounce Religion, Heroism, Finesse, Duel


You were on level 10 of the Dungeon.
You worshipped Okawaru.
Okawaru was extremely pleased with you.
You visited 8 branches of the dungeon, and saw 44 of its levels.
You visited 1 bazaar.
You also visited: Trove, Bailey, Gauntlet, Ice Cave, Volcano and Desolation.

You collected 9128 gold pieces.
You spent 3368 gold pieces at shops.

Inventory:

Hand Weapons
 a - the +9 arbalest "Ced Guok" {penet, Int+2}
   (Okawaru gifted it to you on level 2 of the Vaults)

   Any ammunition fired by it passes through the targets it hits, potentially
   hitting all targets in its path until it reaches maximum range.
   Int:       It affects your intelligence (+2).
 b - a +9 vorpal triple crossbow (weapon)
   (Okawaru gifted it to you on level 1 of the Lair of Beasts)
 e - the +8 arbalest of Annoyance {elec, Fly rElec Int-4}
   (Okawaru gifted it to you on level 2 of the Depths)

   Any ammunition fired from it occasionally discharges a powerful burst of
   electricity upon striking a foe.
   Int:       It affects your intelligence (-4).
   rElec:     It insulates you from electricity.
   Fly:       It grants you flight.
Missiles
 G - 7 throwing nets
 H - 12 curare-tipped darts
Armour
 n - the +0 leather armour of a ziggurat {Int+3}
   (You found it on level 4 of the Realm of Zot)

   Int:       It affects your intelligence (+3).
 A - a +2 pair of gloves of dexterity (worn)
   (You found it in a bailey)
 E - a +2 cloak of willpower (worn)
   (You took it off Nikola on level 1 of the Shoals)
 P - the +4 pair of boots of Zaipre Leol (worn) {rN++ Int+2}
   (Okawaru gifted it to you in the Desolation of Salt)

   Int:       It affects your intelligence (+2).
   rN:        It greatly protects you from negative energy.
 R - the +5 ring mail of the Dice (worn) {rF++ rC+ Int+4 Dex-2}
   (You bought it in a shop on level 3 of the Snake Pit)

   Int:       It affects your intelligence (+4).
   Dex:       It affects your dexterity (-2).
   rF:        It greatly protects you from fire.
   rC:        It protects you from cold.
 U - the +2 helmet "Bekled" (worn) {Dex+4 Slay+2}
   (You acquired it on level 4 of the Snake Pit)

   Dex:       It affects your dexterity (+4).
   Slay:      It affects your accuracy & damage with ranged weapons and melee
   (+2).
Jewellery
 i - a ring of see invisible
   (You found it on level 8 of the Dungeon)
 j - a +4 ring of slaying
   (You found it on level 3 of the Dungeon)
 m - the ring of Gifenti (left hand) {Fire rN+ Str-5 Int+3 Dex+6}
   (You bought it in a shop on level 3 of the Snake Pit)

   [ring of fire]

   It enhances your fire magic.
   Str:       It affects your strength (-5).
   Int:       It affects your intelligence (+3).
   Dex:       It affects your dexterity (+6).
   rF:        It protects you from fire.
   rC:        It makes you vulnerable to cold.
   rN:        It protects you from negative energy.
 r - the ring "Vunkaiqi" {Ice rCorr Dex+6}
   (You took it off Josephina on level 4 of the Realm of Zot)

   [ring of ice]

   It enhances your ice magic.
   Dex:       It affects your dexterity (+6).
   rF:        It makes you vulnerable to fire.
   rC:        It protects you from cold.
   rCorr:     It protects you from acid and corrosion.
 v - a +4 ring of evasion
   (You found it on level 1 of the Snake Pit)
 y - the amulet "Qogev" {RegenMP rElec rN+ Int+3 Dex-3}
   (You took it off a vault guard on level 5 of the Vaults)

   [amulet of magic regeneration]

   It increases your rate of magic regeneration.
   Int:       It affects your intelligence (+3).
   Dex:       It affects your dexterity (-3).
   rElec:     It insulates you from electricity.
   rN:        It protects you from negative energy.
 D - the ring of Tobbep {rF+ rN+}
   (You took it off a vault guard on level 5 of the Vaults)

   [ring of protection from fire]

   rF:        It protects you from fire.
   rN:        It protects you from negative energy.
 M - the amulet "Acwoic" (around neck) {Regen+ Dex+2 Stlth+}
   (You found it on level 5 of the Vaults)

   [amulet of regeneration]

   Dex:       It affects your dexterity (+2).
   Regen:     It increases your rate of health regeneration.
   Stlth:     It makes you more stealthy.
 N - the ring of Pon Jyme (right hand) {Dex+6 Slay+2}
   (You found it in a Gauntlet)

   [ring of dexterity]

   Dex:       It affects your dexterity (+6).
   Slay:      It affects your accuracy & damage with ranged weapons and melee
   (+2).
 Q - the ring "Vecihaus" {rElec rPois MP+9 Str+3 Int+3}
   (You found it in the Desolation of Salt)

   [ring of magical power]

   Str:       It affects your strength (+3).
   Int:       It affects your intelligence (+3).
   rElec:     It insulates you from electricity.
   rPois:     It protects you from poison.
   MP:        It affects your magic capacity (+9).
 T - the ring "Duohimm" {rF+ rN+}
   (You found it on level 5 of the Lair of Beasts)

   [ring of positive energy]

   rF:        It protects you from fire.
   rN:        It protects you from negative energy.
 Y - the ring of the Shining One's Whim {Will+ MP+9}
   (You found it in the Desolation of Salt)

   [ring of magical power]

   MP:        It affects your magic capacity (+9).
   Will:      It increases your willpower.
Wands
 f - a wand of flame (96)
   (You found it on level 6 of the Dungeon)
 h - a wand of quicksilver (2)
   (You took it off a yaktaur on level 2 of the Vaults)
 k - a wand of mindburst (67)
   (You found it on level 5 of the Dungeon)
 l - a wand of roots (33)
   (You found it on level 3 of the Dungeon)
 u - a wand of digging (10)
   (You found it on level 6 of the Dungeon)
 x - a wand of polymorph (40)
   (You found it on level 6 of the Dungeon)
 B - a wand of paralysis (39)
   (You found it on level 6 of the Dungeon)
Scrolls
 c - a scroll of silence
 d - 9 scrolls of amnesia
 g - a scroll of brand weapon
 q - 6 scrolls of poison
 s - 8 scrolls of enchant armour
 t - 28 scrolls of teleportation
 z - 9 scrolls of blinking
 C - 13 scrolls of fear
 F - 3 scrolls of magic mapping
 J - 8 scrolls of immolation
 K - 9 scrolls of vulnerability
 S - 2 scrolls of torment
Miscellaneous
 o - a tin of tremorstones (2/2)
   (You found it on level 4 of the Depths)
 p - a piece from Xom's chessboard (15/15)
   (You found it on level 4 of the Realm of Zot)
 I - a phial of floods
   (You found it on level 5 of the Vaults)
 L - a condenser vane
   (You found it in an ice cave)


   Skills:
 + Level 21.4 Fighting
 - Level 22.7 Ranged Weapons
 - Level 11.0 Armour
 + Level 21.0 Dodging
 - Level 0.7 Stealth
 - Level 7.0 Spellcasting
 - Level 7.0 Hexes
 - Level 12.0 Translocations
 - Level 8.0 Air Magic
 - Level 11.0 Invocations
 - Level 15.2 Evocations


You had 31 spell levels left.
You knew the following spells:

 Your Spells              Type           Power      Damage    Failure   Level
a - Portal Projectile     Hex/Tloc       90%        N/A       1%          3
r - Blink                 Tloc           100%       N/A       1%          2
w - Swiftness             Air            39%        N/A       2%          3

Your spell library contained the following spells:

 Spells                   Type           Power      Damage    Failure   Level
 Apportation              Tloc           100%       N/A       1%          1
 Slow                     Hex            100%       N/A       1%          1
 Gell's Gravitas          Tloc           53%        N/A       1%          3
 Lesser Beckoning         Tloc           53%        N/A       1%          3
 Teleport Other           Tloc           53%        N/A       1%          3
 Manifold Assault         Tloc           53%        N/A       1%          4
 Passage of Golubria      Tloc           53%        N/A       1%          4
 Momentum Strike          Conj/Tloc      62%        3d9       2%          2
 Confusing Touch          Hex            35%        N/A       3%          3
 Shock                    Conj/Air       92%        1d8       4%          1
 Poisonous Vapours        Pois/Air       46%        N/A       6%          2
 Static Discharge         Conj/Air       46%        2-4/arc   6%          2
 Ensorcelled Hibernation  Hex/Ice        42%        N/A       8%          2
 Airstrike                Air            19%        2d(3-19)  8%          4
 Cigotuvi's Dreadful Rot  Necr/Pois/Air  78%        N/A       11%         2
 Dazzling Flash           Conj/Hex       42%        N/A       14%         3
 Inner Flame              Hex/Fire       31%        N/A       14%         3
 Iskenderun's Mystic Bla  Conj/Tloc      31%        2d8       17%         4
 Foxfire                  Conj/Fire      40%        2x1d6     21%         1
 Freeze                   Ice            28%        1d5       21%         1
 Kiss of Death            Conj/Necr      60%        2d10      21%         1
 Magic Dart               Conj           28%        1d4       21%         1
 Necrotise                Necr           60%        1d7       21%         1
 Sandblast                Erth           14%        2d6       21%         1
 Sting                    Tmut/Pois      28%        1d4       21%         1
 Mephitic Cloud           Conj/Pois/Air  17%        N/A       22%         3
 Dispersal                Tloc           26%        N/A       22%         6
 Silence                  Hex/Air        18%        N/A       26%         5
 Passwall                 Tmut/Erth      5%         N/A       30%         2
 Scorch                   Fire           20%        2d6       30%         2
 Searing Ray              Conj           14%        2d5       30%         2
 Fulminant Prism          Conj/Hex       10%        3d9       43%         4
 Leda's Liquefaction      Hex/Erth       10%        N/A       43%         4
 Hailstorm                Conj/Ice       7%         3d4       52%         3
 Ignite Poison            Fire/Tmut/Pois 10%        N/A       52%         3
 Ozocubu's Armour         Ice            7%         N/A       52%         3
 Stone Arrow              Conj/Erth      14%        3d7       52%         3
 Arcjolt                  Conj/Air       11%        1d21      73%         5
 Lightning Bolt           Conj/Air       11%        1d24      73%         5
 Metabolic Englaciation   Hex/Ice        10%        N/A       80%         5
 Yara's Violent Unravell  Hex/Tmut       10%        3d6       80%         5
 Dispel Undead            Necr           15%        3d10      90%         4
 Flame Wave               Conj/Fire      10%        2d6       90%         4
 Olgreb's Toxic Radiance  Pois           7%         N/A       90%         4
 Petrify                  Tmut/Erth      7%         N/A       90%         4
 Sticky Flame             Conj/Fire      10%        2d3       90%         4
 Agony                    Necr           15%        N/A       99%         5
 Alistair's Intoxication  Tmut/Pois      4%         N/A       99%         5
 Borgnjor's Vile Clutch   Necr/Erth      7%         N/A       99%         5
 Lee's Rapid Deconstruct  Erth           3%         3d6*      99%         5
 Conjure Ball Lightning   Conj/Air       11%        3x3d6     99%         6
 Eringya's Noxious Bog    Tmut/Pois      3%         N/A       100%        6
 Iron Shot                Conj/Erth      3%         9d2       100%        6
 Starburst                Conj/Fire      5%         6d4       100%        6
 Enfeeble                 Hex            17%        N/A       100%        7
 Ozocubu's Refrigeration  Ice            3%         4d8       100%        7
 Discord                  Hex            17%        N/A       100%        8
 Disjunction              Tloc           26%        N/A       100%        8
 Maxwell's Capacitive Co  Air            19%        ∞         100%        8
 Chain Lightning          Conj/Air       11%        3d15      100%        9
 Fire Storm               Conj/Fire      5%         8d1       100%        9
 Shatter                  Erth           3%         3d7*      100%        9
 Tukima's Dance           Hex            Unusable   N/A       N/A         3
 Beastly Appendage        Tmut           Unusable   N/A       N/A         1
 Sublimation of Blood     Necr           Unusable   N/A       N/A         2
 Summon Lightning Spire   Summ/Air       Unusable   N/A       N/A         4
 Summon Forest            Summ/Tloc      Unusable   N/A       N/A         5
 Call Canine Familiar     Summ           Unusable   N/A       N/A         3
 Spider Form              Tmut/Pois      Unusable   N/A       N/A         3
 Summon Mana Viper        Hex/Summ       Unusable   N/A       N/A         5
 Ice Form                 Ice/Tmut       Unusable   N/A       N/A         4
 Death Channel            Necr           Unusable   N/A       N/A         6
 Simulacrum               Ice/Necr       Unusable   N/A       N/A         6
 Statue Form              Tmut/Erth      Unusable   N/A       N/A         6
 Summon Cactus Giant      Summ           Unusable   N/A       N/A         6
 Haunt                    Necr/Summ      Unusable   N/A       N/A         7
 Storm Form               Tmut/Air       Unusable   N/A       N/A         7
 Summon Hydra             Summ           Unusable   N/A       N/A         7
 Death's Door             Necr           Unusable   N/A       N/A         9

Dungeon Overview and Level Annotations

Branches:
Dungeon (15/15)            Temple (0/1) D:7            Lair (5/5) D:9
 Shoals (4/4) Lair:2        Snake (4/4) Lair:2        Slime (0/5) Lair:4
    Orc (2/2) D:10            Elf (0/3) Orc:2        Vaults (5/5) D:14
  Crypt (0/3) Vaults:3     Depths (4/4) D:15            Zot (5/5) Depths:4
 Bailey (visited)           IceCv (visited)         Volcano (visited)
Desolation (visited)      Gauntlet (visited)

Altars:
Dithmenos
Gozag
Okawaru
Qazlal
Trog
Uskayaw
Vehumet
Xom
Yredelemnul
Jiyva
Lugonu

Shops:
D:6 (   D:8 ((([   Orc:2 *([:   Shoals:2 ?   Shoals:3 :   Snake:2 =
Snake:3 ?(*[=[=   Vaults:2 :??   Vaults:3 =   Vaults:5 ??   Depths:1 =[??

Portals:
Hell: Depths:1 Depths:2 Depths:3 Depths:4
Abyss: Depths:3
Pandemonium: Depths:2 Depths:3
Ziggurat: Depths:1

Annotations:
D:6 3 runed translucent doors, p0werm0de's ghost, amateur PaIE
Snake:2 Roxanne
Vaults:3 Mennas


Innate Abilities, Weirdness & Mutations

You are immune to poison.
Your flesh is cold resistant. (rC+)
You are immune to negative energy. (rN+++)
You are immune to unholy pain and torment.
You are vulnerable to heat. (rF-)
You are strongly in touch with the powers of death.
You do not drink.
You have a special connection with the divine. (Faith)


Message History

Yralid hits you but does no damage.
The soul eater is engulfed in seething chaos.
Unknown command.
You bump into the rock wall.
You feel very mighty all of a sudden.
You flicker back into view.
Something completely misses you. Yralid hits you!
The soul eater is engulfed in seething chaos.
The soul eater flickers and vanishes!
You bump into the rock wall.
Something completely misses you. Yralid hits you but does no damage.
Unknown command.
You completely miss Yralid.
You are engulfed in seething chaos.
Something touches you but does no damage.
Yralid completely misses you. Something barely misses you.
Unknown command.
You bump into the rock wall.
You are engulfed in seething chaos.
You feel as though your hastened speed will last longer.
Yralid hits you. Yralid freezes you.
A blizzard demon appears out of thin air!
Reactivating autopickup.
The red devil completely misses you. Something completely misses you.
Unknown command.
You bump into the rock wall.
You are engulfed in seething chaos.
Yralid hits you but does no damage. Space warps horribly around you!
Something misses you.
Unknown command.
You completely miss Yralid.
You are engulfed in seething chaos.
Yralid hits you.
The red devil hits you but does no damage.
Something conjures a glowing orb.
The wavering orb of destruction weakly hits Yralid!
Yralid hits you but does no damage.
Unknown command.
You closely miss Yralid.
Yralid is lightly wounded.
You are engulfed in seething chaos.
The red devil barely misses you.
Something touches you but does no damage.
Deactivating autopickup; reactivate with Ctrl-A.
Yralid misses you.
Unknown command.
You bump into the rock wall.
You are engulfed in seething chaos.
You feel more agile all of a sudden. Something touches you.
The red devil completely misses you. Yralid barely misses you.
Unknown command.
You clumsily bash Yralid.
Yralid is lightly wounded.
You are engulfed in seething chaos.
Something misses you. Yralid hits you but does no damage.
Unknown command.
You completely miss Yralid.
Yralid is lightly wounded.
You are engulfed in seething chaos.
You fade into invisibility!
Something barely misses you. Yralid hits you!
You convulse.
Unknown command.
Press: ? - help, v - describe, . - travel
Here: Yralid, armed with a chaotic touch (lightly wounded, surrounded by chaotic energy)
The floor.
Press: ? - help, v - describe, . - travel
Here: Yralid, armed with a chaotic touch (lightly wounded, surrounded by chaotic energy)
The floor.
You clumsily bash Yralid.
Yralid is lightly wounded.
You hear some strange, mumbled words.
A bolt of cold appears from out of thin air!
The bolt of cold misses you. Yralid barely misses you.
Unknown command.
You're too confused to move!
Something misses you. Yralid completely misses you.
Unknown command.
You miss Yralid.
Yralid is lightly wounded.
Something touches you but does no damage.
Yralid hits you but does no damage. Space warps around you.
Unknown command.
You bump into the rock wall.
You hear some strange, mumbled words.
A bolt of cold appears from out of thin air!
The bolt of cold misses you. The red devil completely misses you.
Yralid completely misses you.
Unknown command.
You can't drink.
Unknown command.
You are too confused!
Unknown command.
You bump into the rock wall.
Something barely misses you. Yralid hits you. Yralid freezes you.
You bump into the rock wall.
You suddenly lose the ability to move!
Something conjures a glowing orb.
The wavering orb of destruction weakly hits you!!!
* * * LOW HITPOINT WARNING * * *
Yralid hits you!
* * * LOW HITPOINT WARNING * * *
You shrug off the repeated paralysis!
You hear some strange, mumbled words.
A bolt of cold appears from out of thin air!
The bolt of cold hits you!! You resist.
You die...

.....'..#.........###.........###
.....##.'.........# #.........#
.....####.........# #.........#
.....# #.........# #.........#
.....# ######4#### #####'#####
###### ##3# #.# # #§.# #.# #
##.#### #.## # #..2&@# #..#
####### #..§{4# ####'#### ......#
#....>######.......# ......###
#.....##...'.......# ......'.#
#.....#..###.......#
......#.####.......## #.......#
......#..........### #.......#
......######..>..# #.).....#
......# #.....# ###'#####


You could see Yralid (clouds), a blizzard demon and a red devil (unable to see
you).

Vanquished Creatures
  6 dread liches
  6 orbs of fire
  5 ancient liches
  Mara (Snake:4)
  A juggernaut (Depths:1)
  Josephina (Zot:4)
  9 Killer Klowns
  Bai Suzhen (Vaults:2)
  Saint Roka (Orc:2)
  Xtahua (Depths:4)
  Vashnia (Snake:2)
  3 curse toes
  The ghost of Flugkiller the Bewitcher, a veteran MeCK of Xom (Vaults:2)
  A golden dragon (shapeshifter) (Vaults:5)
  8 golden dragons
  Nikola (Shoals:1)
  2 bone dragons (Zot:1)
  2 Brimstone Fiends
  2 electric golems (Zot:5)
  Mlioglotl (Shoals:1)
  21 tentacled monstrosities
  26 Orb Guardians
  A Hell Sentinel (Depths:3)
  A walking earthen tome (Depths:3)
  9 titans
  2 liches
  Asterion (Snake:3)
  8 sphinxes
  11 quicksilver dragons
  6 death cobs
  Polyphemus (Shoals:4)
  14 shadow dragons
  8 tengu reavers
  The ghost of Lim Moa the Eclecticist, an adept DEVM of Sif Muna (Vaults:2)
  Donald (Shoals:1)
  15 storm dragons
  7 nagarajas
  4 draconian monks
  12 vault wardens
  7 fire giants
  Aizul (Snake:4)
  5 draconian knights
  2 deep elf sorcerers
  A balrug (Depths:3)
  12 frost giants
  An imperial myrmidon (Desolation)
  A demonspawn warmonger (Depths:1)
  2 ghost moths
  4 draconian scorchers
  2 iron dragons (Zot:1)
  A ghost moth (shapeshifter) (Gauntlet)
  A cacodemon (Depths:2)
  A ghoul (Vaults:3)
  Louise (Shoals:3)
  4 draconian stormcallers
  2 spriggan defenders (Depths:3)
  A reaper (Depths:1)
  2 orc warlords
  8 war gargoyles
  12 draconian shifters
  18 stone giants
  6 draconian annihilators
  21 ironbound preservers
  A deep elf demonologist (Vaults:5)
  Nessos (D:13)
  7 ironbound thunderhulks
  4 vampire knights (Depths:4)
  7 very ugly things
  19 dire elephants
  19 white draconians
  13 yellow draconians
  16 black draconians
  12 red draconians
  2 halazid warlocks (Desolation)
  2 eleionomae (Shoals:2)
  A minotaur (Gauntlet)
  12 green draconians
  8 purple draconians
  2 lorocyprocas
  Azrael (Orc:2)
  10 spark wasps
  15 ettins
  7 crystal guardians
  4 deep elf death magi
  9 merfolk impalers
  7 merfolk javelineers
  12 fire dragons
  12 yaktaur captains
  10 ice dragons
  2 entropy weavers (Vaults:2)
  8 ragged hierophants (Desolation)
  2 rakshasas
  6 deep elf high priests (Vaults:5)
  13 servants of whispers (Desolation)
  2 spriggan air magi
  11 great orbs of eyes
  A spectral tengu (Depths:4)
  5 merfolk avatars
  3 catoblepae
  2 ogre magi (Vaults:5)
  38 vault guards
  4 hydras
  7 merfolk aquamancers
  7 anacondas
  12 peacekeepers
  A death knight (Vaults:3)
  5 ironbound frosthearts (Vaults:3)
  4 alligator snapping turtles
  Erica (D:9)
  A spriggan skeleton (Depths:3)
  3 two-headed ogres
  2 boulder beetles
  11 deep troll shamans
  10 tengu warriors
  5 deep troll earth magi
  4 satyrs
  17 centaur warriors
  9 death yaks
  21 naga warriors
  7 shock serpents
  11 naga sharpshooters
  4 hell knights
  2 orc high priests (Orc:1)
  4 spriggan berserkers
  2 spriggans (Depths:4)
  Amaemon (Lair:2)
  Nergalle (Lair:2)
  2 fire crabs (Shoals:3)
  A goliath frog (shapeshifter) (Vaults:5)
  A shadow wraith (Depths:4)
  A salamander mystic (Snake:2)
  6 skeletal warriors (Depths:4)
  A sixfirhy (Depths:2)
  2 golden dragon zombies (Depths:4)
  A spectral anaconda (Lair:5)
  4 iron trolls
  A steelbarb worm (shapeshifter) (Vaults:5)
  A cherub (Zot:4)
  2 bog bodies (IceCv)
  A deep elf archer (Volcano)
  25 sea snakes
  2 obsidian statues
  2 tengu zombies
  84 deep trolls
  A golden dragon skeleton (Depths:3)
  6 phantasmal warriors
  2 naga ritualists
  18 ironbound convokers
  7 wizards
  12 lindwurms
  10 harpies
  5 flayed ghosts
  10 orc knights
  26 fauns
  7 deep elf pyromancers
  2 mana vipers
  32 ugly things
  4 orc sorcerers
  A tengu skeleton (Depths:4)
  15 necromancers
  4 cyclopes
  11 manticores
  A worldbinder (Gauntlet)
  A moth of wrath (shapeshifter) (Vaults:5)
  7 elephants
  10 salamanders
  2 fire giant skeletons
  37 black mambas
  8 merfolk sirens
  17 naga magi
  24 moths of wrath
  22 vault sentinels
  An ice statue (IceCv)
  Maurice (D:9)
  10 water nymphs
  2 smoke demons (Depths:3)
  A stone giant skeleton (Vaults:4)
  11 guardian serpents
  13 cane toads
  A torpor snail (Lair:1)
  2 orange demons
  A rust devil (Depths:2)
  An elf zombie (Vaults:4)
  A kobold demonologist (D:10)
  21 yaktaurs
  A gargoyle (D:11)
  6 komodo dragons
  2 unseen horrors (D:12)
  3 rime drakes
  Maggie (D:9)
  4 freezing wraiths
  3 ice devils
  An anaconda simulacrum (IceCv)
  2 efreet (D:13)
  2 hellwings
  A golden dragon simulacrum (Zot:4)
  4 red devils
  6 tengu conjurers
  2 polar bears
  A human zombie (Vaults:4)
  25 merfolk
  15 wind drakes
  3 hornets
  A merfolk (shapeshifter) (Vaults:5)
  6 trolls
  A wind drake (shapeshifter) (Vaults:5)
  63 saltlings (Desolation)
  27 slime creatures
  A human skeleton (Vaults:4)
  16 blink frogs
  7 snapping turtles
  2 sphinx simulacra
  A slime creature (shapeshifter) (Gauntlet)
  13 dream sheep
  2 raiju (shapeshifter)
  Prince Ribbit (D:6)
  Sigmund (D:4)
  3 air elementals (Shoals:4)
  5 wyverns
  3 shadows
  2 ynoxinuls (Depths:2)
  48 yaks
  4 fire bats
  22 water elementals
  A wraith (D:13)
  3 basilisks
  A basilisk (shapeshifter) (D:15)
  6 fire elementals
  3 redbacks (Vaults:2)
  2 chaos spawn
  A white draconian simulacrum (Zot:4)
  A yaktaur simulacrum (Vaults:4)
  13 vampire mosquitoes
  A neqoxec (Depths:2)
  4 death yak simulacra
  5 wargs
  A harpy simulacrum (IceCv)
  49 nagas
  An ogre zombie (Vaults:4)
  A hydra simulacrum (IceCv)
  A spectral cane toad (Lair:5)
  9 water moccasins
  A floating eye (Depths:3)
  A glowing shapeshifter zombie (Vaults:4)
  8 hell hounds
  46 orc warriors
  A moth of wrath simulacrum (Zot:4)
  An elephant zombie (Lair:5)
  An ice beast (shapeshifter) (Zot:1)
  4 black bears
  2 boggarts (Gauntlet)
  A glowing shapeshifter skeleton (Depths:4)
  9 ogres
  An ettin simulacrum (Vaults:2)
  14 centaurs
  35 wolves
  An elephant skeleton (Lair:5)
  A phantom (D:4)
  21 kobold brigands
  2 gnoll sergeants (D:9)
  13 bullfrogs
  2 scorpions
  A necrophage (D:6)
  5 two-headed ogre simulacra (IceCv)
  A wyvern zombie (D:6)
  2 cane toad simulacra (IceCv)
  16 killer bees
  An elephant simulacrum (IceCv)
  5 electric eels
  6 hounds
  2 human simulacra (Vaults:4)
  4 jellies
  A gnoll bouda (D:9)
  38 orc priests
  8 iguanas
  24 orc wizards
  4 hell rats (Lair:1)
  6 troll simulacra (IceCv)
  5 spriggan simulacra (IceCv)
  A polar bear simulacrum (IceCv)
  5 wolf simulacra (IceCv)
  A howler monkey zombie (D:6)
  6 adders
  15 gnolls
  5 naga simulacra (IceCv)
  2 shadow imps
  6 white imps
  8 ufetubi
  4 worms
  2 dart slugs (D:1)
  137 orcs
  2 endoplasms (D:1)
  11 goblins
  A hobgoblin (D:4)
  6 quokkas
  4 ball pythons
  A bat (D:1)
  3 frilled lizards
  6 kobolds
  A rat (D:2)
  2 pillars of salt (Desolation)
2223 creatures vanquished.

Vanquished Creatures (others)
  A draconian simulacrum (Zot:4)
  7 fungi
  3 pillars of salt (Desolation)
  46 plants
  37 withered plants
94 creatures vanquished.

Grand Total: 2317 creatures vanquished

Notes
Turn   | Place    | Note
-------+----------+-------------------------------------------
     0 | D:1      | Flugkiller the Mummy Hunter began the quest for the Orb.
     0 | D:1      | Reached XP level 1. HP: 16/16 MP: 1/1
   364 | D:1      | Reached XP level 2. HP: 22/22 MP: 2/2
   456 | D:1      | Found a faded altar of an unknown god.
   460 | D:1      | Prayed at the altar of an unknown god.
   460 | D:1      | Became a worshipper of Warmaster Okawaru
   460 | D:1      | Reached * piety under Okawaru
  1063 | D:2      | Reached skill level 4 in Ranged Weapons
  1063 | D:2      | Gained mutation: You are in touch with the powers of death.
                  | [Mummy growth]
  1063 | D:2      | Reached XP level 3. HP: 23/27 MP: 3/3
  1264 | D:2      | Reached skill level 1 in Invocations
  1311 | D:2      | Identified the +1 chain mail "Iwiamp" {Str+4 SInv}
  1891 | D:3      | Noticed a water moccasin
  1896 | D:3      | Killed a water moccasin
  1896 | D:3      | Reached ** piety under Okawaru
  1897 | D:3      | Reached XP level 4. HP: 33/33 MP: 3/5
  1897 | D:3      | Reached XP level 5. HP: 38/38 MP: 3/6
  2464 | D:4      | Noticed a phantom
  2473 | D:4      | Killed a phantom
  2483 | D:4      | Found a bloodstained altar of Trog.
  2529 | D:4      | Noticed a black bear
  2655 | D:4      | Reached skill level 1 in Evocations
  2655 | D:4      | Reached XP level 6. HP: 48/48 MP: 7/7
  2699 | D:4      | Noticed Sigmund
  3148 | D:5      | Entered Level 5 of the Dungeon
  3234 | D:5      | Reached *** piety under Okawaru
  3235 | D:5      | Reached XP level 7. HP: 32/54 MP: 8/8
  3572 | D:5      | Reached skill level 5 in Ranged Weapons
  3957 | D:6      | Noticed Prince Ribbit
  3961 | D:6      | Killed Prince Ribbit
  3961 | D:6      | Reached **** piety under Okawaru
  3962 | D:6      | Reached XP level 8. HP: 60/60 MP: 9/9
  3965 | D:6      | Found Fudul's Antique Weapon Shop.
  4119 | D:6      | Reached skill level 5 in Dodging
  4122 | D:6      | Reached skill level 6 in Ranged Weapons
  4300 | D:6      | Found a runed translucent gate.
  4300 | D:6      | Found a runed translucent gate.
  4300 | D:6      | Found a runed translucent gate.
  4300 | D:6      | Noticed p0werm0de's ghost (amateur PaIE)
  4303 | D:6      | Found a basalt altar of Yredelemnul.
  4880 | D:7      | Reached skill level 5 in Fighting
  4953 | D:7      | Found a flagged portal.
  4960 | Bailey   | Entered a bailey
  5031 | Bailey   | Noticed an orc knight
  5069 | Bailey   | Reached XP level 9. HP: 58/69 MP: 8/12
  5415 | Bailey   | Killed an orc knight
  5649 | Bailey   | Identified the +11 long sword of the Ancient People
                  | {antimagic, *Corrode rElec rN++ Dex+4}
  5769 | D:7      | Found a staircase to the Ecumenical Temple.
  5812 | D:7      | Reached ***** piety under Okawaru
  6184 | D:7      | Identified the +2 spear of the Ship {drain, Will+ rCorr
                  | Int+3 Stlth+}
  6735 | D:4      | Killed Sigmund
  6735 | D:4      | Received a gift from Okawaru
  6951 | D:8      | Found Ysemivuc's Antique Weapon Emporium.
  6954 | D:8      | Bought a dazzling arbalest for 256 gold pieces
  6954 | D:8      | Identified the +10 arbalest "Qacu" {flame, *Slow Will+
                  | Str+4 Dex+7} (You bought it in a shop on level 8 of the
                  | Dungeon)
  7053 | D:8      | Found Agaescha's Antique Weapon Boutique.
  7194 | D:8      | Reached XP level 10. HP: 67/77 MP: 15/15
  7460 | D:8      | Found Asepnaom's Armour Boutique.
  7467 | D:8      | Bought a +1 pair of boots for 126 gold pieces
  7467 | D:8      | Bought a +0 troll leather armour for 165 gold pieces
  7504 | D:8      | Found Meikynun's Antique Weapon Emporium.
  7539 | D:8      | Received a gift from Okawaru
  7799 | D:9      | Reached skill level 7 in Ranged Weapons
  7800 | D:9      | Received a gift from Okawaru
  7875 | D:9      | Noticed Maurice
  7879 | D:9      | Killed Maurice
  7916 | D:9      | Noticed Erica
  7921 | D:9      | Noticed an elephant
  7924 | D:9      | Killed Erica
  7925 | D:9      | Killed an elephant
  7965 | D:9      | Reached skill level 8 in Ranged Weapons
  7979 | D:9      | Received a gift from Okawaru
  8047 | D:9      | Identified the +2 ring mail "Vouxips" {Rampage +Blink rF+}
  8062 | D:9      | Noticed Maggie
  8069 | D:9      | Killed Maggie
  8070 | D:9      | Reached XP level 11. HP: 86/86 MP: 14/16
  8218 | D:9      | Found a staircase to the Lair.
  9012 | D:10     | Entered Level 10 of the Dungeon
  9027 | D:10     | Noticed a green ugly thing
  9029 | D:10     | Killed a green ugly thing
  9030 | D:10     | Reached skill level 9 in Ranged Weapons
  9161 | D:10     | Reached skill level 10 in Ranged Weapons
  9340 | D:10     | Found a staircase to the Orcish Mines.
 10127 | D:11     | Reached ****** piety under Okawaru
 10127 | D:11     | Received a gift from Okawaru
 10237 | Lair:1   | Entered Level 1 of the Lair of Beasts
 10431 | Lair:1   | Noticed a catoblepas
 10446 | Lair:1   | Killed a catoblepas
 10447 | Lair:1   | Reached XP level 12. HP: 52/94 MP: 14/17
 10620 | Lair:1   | Received a gift from Okawaru
 11025 | Lair:2   | Found a staircase to the Snake Pit.
 11065 | Lair:2   | Found a staircase to the Shoals.
 11075 | Lair:2   | Noticed Amaemon
 11080 | Lair:2   | Killed Amaemon
 11080 | Lair:2   | Received a gift from Okawaru
 11152 | Lair:2   | Found a shadowy altar of Dithmenos.
 11167 | Lair:2   | Reached skill level 5 in Evocations
 11267 | Lair:2   | Noticed Nergalle
 11278 | Lair:2   | Killed Nergalle
 11297 | Lair:2   | Received a gift from Okawaru
 11457 | Lair:2   | Noticed a death yak
 11457 | Lair:2   | Noticed a death yak
 11460 | Lair:2   | Noticed a death yak
 11464 | Lair:2   | Killed a death yak
 11466 | Lair:2   | Killed a death yak
 11467 | Lair:2   | Reached skill level 11 in Ranged Weapons
 11469 | Lair:2   | Killed a death yak
 11920 | Lair:3   | Gained mutation: You are strongly in touch with the powers
                  | of death. [Mummy growth]
 11920 | Lair:3   | Reached XP level 13. HP: 83/103 MP: 12/19
 11967 | Lair:3   | Received a gift from Okawaru
 11979 | Lair:3   | Reached skill level 10 in Fighting
 12023 | Lair:3   | Found a frozen archway.
 12032 | IceCv    | Entered an ice cave
 12560 | IceCv    | Received a gift from Okawaru
 12907 | Lair:3   | Identified a scroll of acquirement
 12910 | Lair:3   | Acquired the +11 crystal plate armour of Pafer {rElec rF+
                  | Will+}
 13295 | Lair:3   | Identified the +10 plate armour of the Shining Light {rC+
                  | Dex+2 Slay-2}
 13330 | Lair:3   | Identified the +5 hand axe of Due Proportion {drain, rF-
                  | rCorr SInv}
 13815 | Lair:4   | Found a hide-covered altar of Uskayaw.
 13895 | Lair:4   | Found a viscous altar of Jiyva.
 13896 | Lair:4   | Found a staircase to the Slime Pits.
 13987 | Lair:4   | Reached skill level 10 in Dodging
 14318 | Lair:5   | Entered Level 5 of the Lair of Beasts
 14375 | Lair:5   | Found a gate leading to a gauntlet.
 14381 | Gauntlet | Entered a Gauntlet
 14381 | Gauntlet | Found a transporter.
 14381 | Gauntlet | Found a transporter.
 14381 | Gauntlet | Found a runed translucent door.
 14381 | Gauntlet | Found a runed translucent door.
 14402 | Gauntlet | Found a transporter.
 14403 | Gauntlet | Found a transporter.
 14412 | Gauntlet | Found a transporter.
 14415 | Gauntlet | Found a transporter.
 14422 | Gauntlet | Found a runed translucent door.
 14425 | Gauntlet | Found a transporter.
 14440 | Gauntlet | Found a transporter.
 14454 | Gauntlet | Found a transporter.
 14458 | Gauntlet | Found a transporter.
 14466 | Gauntlet | Found a transporter.
 14470 | Gauntlet | Found a transporter.
 14515 | Gauntlet | Identified the +7 shortbow of Corruption {venom, rElec rF++
                  | rCorr Str-3} (Okawaru gifted it to you in a Gauntlet)
 14515 | Gauntlet | Received a gift from Okawaru
 14551 | Gauntlet | Noticed an ettin
 14555 | Gauntlet | an ettin changed into a slime creature
 14572 | Gauntlet | Noticed a ghost moth
 14579 | Gauntlet | Killed a ghost moth
 14708 | Gauntlet | Got Starting Thaumaturgy
 14712 | Gauntlet | Identified the ring of Pon Jyme {Dex+6 Slay+2}
 14730 | Gauntlet | Noticed a minotaur
 14734 | Gauntlet | Killed a minotaur
 14743 | Gauntlet | Got the Parchment of Shaping
 14801 | Lair:5   | Reached skill level 10 in Invocations
 15125 | Lair:5   | Identified the +0 kite shield of Pipoesk {Int+6} (Okawaru
                  | gifted it to you on level 5 of the Lair of Beasts)
 15125 | Lair:5   | Received a gift from Okawaru
 15219 | Lair:5   | Reached XP level 14. HP: 113/113 MP: 21/21
 15323 | Lair:5   | Reached skill level 12 in Ranged Weapons
 15583 | Lair:5   | Identified the ring "Duohimm" {rF+ rN+}
 15679 | Lair:5   | Identified the +1 longbow of Wyrd {venom, Will+} (Okawaru
                  | gifted it to you on level 5 of the Lair of Beasts)
 15679 | Lair:5   | Received a gift from Okawaru
 15696 | Lair:5   | Identified the +4 morningstar "Ruraqina" {venom, rElec
                  | Will+ rCorr SInv}
 16573 | D:12     | Identified the +2 short sword of Kemus {antimagic, rF+ rC+
                  | Will++}
 16719 | D:13     | Noticed Nessos
 16721 | D:13     | Killed Nessos
 16805 | D:13     | Received a gift from Okawaru
 16983 | D:13     | Acquired a manual of Dodging
 17388 | D:14     | Found an opulent altar of Gozag.
 17459 | D:14     | Reached skill level 13 in Ranged Weapons
 17475 | D:14     | Identified the +8 rapier "Ihexedgheyr" {flame, Dex+4}
                  | (Okawaru gifted it to you on level 14 of the Dungeon)
 17475 | D:14     | Received a gift from Okawaru
 17484 | D:14     | Reached XP level 15. HP: 44/123 MP: 18/22
 17845 | D:14     | Found a gate to the Vaults.
 18006 | D:14     | Found a stormy altar of Qazlal.
 18085 | D:15     | Entered Level 15 of the Dungeon
 18141 | D:15     | Found a shimmering altar of Xom.
 18320 | D:15     | Identified the +1 pair of gloves of the Jabberwock {rN+
                  | Int+4} (Okawaru gifted it to you on level 15 of the
                  | Dungeon)
 18320 | D:15     | Received a gift from Okawaru
 18403 | D:15     | Found a staircase to the Depths.
 18403 | D:15     | Noticed a frost giant
 18408 | D:15     | Killed a frost giant
 18736 | Orc:1    | Entered Level 1 of the Orcish Mines
 18838 | Orc:1    | Found a dark tunnel.
 18847 | Volcano  | Entered a volcano
 19089 | Orc:1    | Found a radiant altar of Vehumet.
 19245 | Orc:1    | Reached skill level 14 in Ranged Weapons
 19452 | Orc:2    | Entered Level 2 of the Orcish Mines
 19452 | Orc:2    | Found a staircase to the Elven Halls.
 19646 | Orc:2    | Identified the +0 pair of gloves of Daalle {Contam Str+8
                  | Int+4 Stlth+} (Okawaru gifted it to you on level 2 of the
                  | Orcish Mines)
 19646 | Orc:2    | Received a gift from Okawaru
 19726 | Orc:2    | Found Loippios's Book Shoppe.
 19807 | Orc:2    | Noticed Azrael
 19823 | Orc:2    | Killed Azrael
 20145 | Orc:2    | Found Ycusuoll's General Store.
 20153 | Orc:2    | Bought a scroll of teleportation for 33 gold pieces
 20314 | Orc:2    | Noticed Saint Roka
 20332 | Orc:2    | Killed Saint Roka
 20337 | Orc:2    | Found Diga's Antique Armour Shoppe.
 20339 | Orc:2    | Found Zud Verph's Antique Weapon Emporium.
 20368 | Orc:2    | Bought a steaming scale mail for 270 gold pieces
 20368 | Orc:2    | Identified the +1 scale mail "Citt" {rElec} (You bought it
                  | in a shop on level 2 of the Orcish Mines)
 20504 | Snake:1  | Entered Level 1 of the Snake Pit
 20519 | Lair:2   | Reached XP level 16. HP: 130/133 MP: 23/23
 20751 | Snake:1  | Reached skill level 15 in Dodging
 21155 | Snake:2  | Received a gift from Okawaru
 21286 | Snake:2  | Found Ramiqyin's Jewellery Shop.
 21348 | Snake:2  | Identified the +0 pair of boots of the Endless Friends
                  | {SInv} (Okawaru gifted it to you on level 2 of the Snake
                  | Pit)
 21348 | Snake:2  | Received a gift from Okawaru
 21354 | Snake:2  | Noticed Vashnia
 21430 | Snake:2  | Killed Vashnia
 21710 | Snake:2  | Identified Roxanne's Directory of Terra Firma
 21710 | Snake:2  | Noticed Roxanne
 22357 | Snake:3  | Noticed Asterion
 22366 | Snake:3  | Killed Asterion
 22391 | Snake:3  | Reached skill level 15 in Ranged Weapons
 22469 | Snake:3  | Found Ripn's Jewellery Boutique.
 22469 | Snake:3  | Found Weitof's Antique Armour Shop.
 22487 | Snake:3  | Bought a runed cloak for 247 gold pieces
 22488 | Snake:3  | Bought a faintly humming ring mail for 297 gold pieces
 22488 | Snake:3  | Identified the +5 ring mail of the Dice {rF++ rC+ Int+4
                  | Dex-2} (You bought it in a shop on level 3 of the Snake
                  | Pit)
 22652 | Snake:3  | Found Canunobe's Magic Scroll Emporium.
 22660 | Snake:3  | Bought a scroll of magic mapping for 112 gold pieces
 22965 | Snake:3  | Received a gift from Okawaru
 23133 | Snake:3  | Found Noazaschir's Jewellery Shop.
 23139 | Snake:3  | Found Fimamenu's Armour Shop.
 23150 | Snake:3  | Found Muol's General Store.
 23153 | Snake:3  | Found Komnock's Weapon Shop.
 23157 | Snake:3  | Bought a scroll of fear for 60 gold pieces
 23279 | Snake:3  | Identified the +0 buckler "Cyluypoff" {rF+} (Okawaru gifted
                  | it to you on level 3 of the Snake Pit)
 23279 | Snake:3  | Received a gift from Okawaru
 23421 | Snake:4  | Entered Level 4 of the Snake Pit
 23554 | Snake:4  | Found a radiant altar of Vehumet.
 23569 | Snake:4  | Reached XP level 17. HP: 86/139 MP: 24/24
 23679 | Snake:4  | Noticed Aizul
 23694 | Snake:4  | Killed Aizul
 23729 | Snake:4  | Acquired the +2 helmet "Bekled" {Dex+4 Slay+2}
 23869 | Snake:4  | Noticed Mara
 23890 | Snake:4  | Killed Mara
 24369 | Snake:4  | Reached skill level 10 in Evocations
 24412 | Snake:4  | Identified the +6 buckler "Plog" {-Tele Will+ Str+4}
                  | (Okawaru gifted it to you on level 4 of the Snake Pit)
 24412 | Snake:4  | Received a gift from Okawaru
 24424 | Snake:4  | Reached skill level 16 in Ranged Weapons
 24676 | Snake:4  | Got a serpentine rune of Zot
 24900 | Shoals:1 | Entered Level 1 of the Shoals
 24900 | Shoals:1 | Noticed Mlioglotl
 24913 | Shoals:1 | Killed Mlioglotl
 25103 | Shoals:1 | Identified the +2 great sword "Xeumagea" {vorpal, Drain
                  | rCorr Int+2} (Okawaru gifted it to you on level 1 of the
                  | Shoals)
 25103 | Shoals:1 | Received a gift from Okawaru
 25110 | Shoals:1 | Reached skill level 17 in Ranged Weapons
 25188 | Shoals:1 | Noticed Donald
 25197 | Shoals:1 | Killed Donald
 25289 | Shoals:1 | Noticed Nikola
 25304 | Shoals:1 | Killed Nikola
 25734 | Shoals:2 | Received a gift from Okawaru
 25934 | Shoals:2 | Got the Disquisition on Curses
 25970 | Shoals:2 | Reached XP level 18. HP: 146/146 MP: 25/25
 26018 | Shoals:2 | Found Xuaxora's Magic Scroll Emporium.
 26026 | Shoals:2 | Bought a scroll of blinking for 150 gold pieces
 26026 | Shoals:2 | Bought a scroll of teleportation for 60 gold pieces
 26153 | Shoals:2 | Reached skill level 18 in Ranged Weapons
 26164 | Shoals:2 | Reached skill level 1 in Armour
 26666 | Shoals:3 | Identified the +9 shortbow "Meharghes" {venom, Drain rElec
                  | Str+7 Dex+2} (Okawaru gifted it to you on level 3 of the
                  | Shoals)
 26666 | Shoals:3 | Received a gift from Okawaru
 26713 | Shoals:3 | Noticed Louise
 26723 | Shoals:3 | Killed Louise
 26747 | Shoals:3 | Found Dankoqieg's Book Shoppe.
 26801 | Shoals:3 | Reached skill level 5 in Armour
 27282 | Shoals:4 | Entered Level 4 of the Shoals
 27345 | Shoals:4 | Identified the +4 triple crossbow of Okawaru's Supremacy
                  | {penet, rF- rN+ Stlth+} (Okawaru gifted it to you on level
                  | 4 of the Shoals)
 27345 | Shoals:4 | Received a gift from Okawaru
 27509 | Shoals:4 | Noticed Polyphemus
 27538 | Shoals:4 | Killed Polyphemus
 27875 | Shoals:4 | Found a stormy altar of Qazlal.
 27915 | Shoals:4 | Received a gift from Okawaru
 28198 | Shoals:4 | Identified the +4 triple sword "Lytun" {vorpal, Will+
                  | Dex+4}
 28202 | Shoals:4 | Identified the ring "Mintoor" {Wiz Contam rPois rF+ rC+}
 28226 | Shoals:4 | Received a gift from Okawaru
 28246 | Shoals:4 | Got a barnacled rune of Zot
 28248 | Shoals:4 | Got the Encyclopedia of Venom and Fog
 28624 | Shoals:4 | Learned a level 3 spell: Swiftness
 28835 | Vaults:1 | Entered Level 1 of the Vaults
 28854 | Vaults:1 | Reached skill level 1 in Spellcasting
 28871 | Vaults:1 | Reached skill level 1 in Air Magic
 28915 | Vaults:1 | Reached XP level 19. HP: 144/152 MP: 26/26
 28971 | Vaults:1 | Found a flickering gateway to a bazaar.
 28980 | Bazaar   | Entered a bazaar
 28980 | Bazaar   | Found Yghiem's Book Shoppe.
 28980 | Bazaar   | Found Buodil's General Store.
 28980 | Bazaar   | Found Yfoch's Magic Scroll Emporium.
 29008 | Bazaar   | Bought a scroll of enchant armour for 52 gold pieces
 29008 | Bazaar   | Bought a scroll of teleportation for 21 gold pieces
 29014 | Bazaar   | Bought 3 scrolls of magic mapping for 270 gold pieces
 29128 | Vaults:1 | Reached skill level 10 in Armour
 29359 | Vaults:1 | Identified the +0 ring mail "Venkesch Cops" {rElec rF+
                  | Str+10 Stlth-}
 29572 | Vaults:1 | Received a gift from Okawaru
 30402 | Vaults:2 | Found a runed translucent gate.
 30402 | Vaults:2 | Found a runed translucent gate.
 30403 | Vaults:2 | Found a runed translucent gate.
 30403 | Vaults:2 | Noticed Flugkiller's ghost (veteran MeCK)
 30403 | Vaults:2 | Noticed Lim Moa's ghost (adept DEVM)
 30414 | Vaults:2 | Noticed Bai Suzhen
 30423 | Vaults:2 | Killed Bai Suzhen
 30424 | Vaults:2 | Reached skill level 5 in Spellcasting
 30487 | Vaults:2 | Identified the +9 arbalest "Ced Guok" {penet, Int+2}
                  | (Okawaru gifted it to you on level 2 of the Vaults)
 30487 | Vaults:2 | Received a gift from Okawaru
 30804 | Vaults:2 | Found Dyapon's Book Emporium.
 30820 | Vaults:2 | Found Orobb's Magic Scroll Shop.
 30824 | Vaults:2 | Bought a scroll of fear for 72 gold pieces
 30837 | Vaults:2 | Found Iliczoj's Magic Scroll Emporium.
 30855 | Vaults:2 | You fall into a shaft and drop 2 floors!
 30864 | Vaults:4 | Reached skill level 5 in Air Magic
 30871 | Vaults:4 | Identified the +2 buckler of Music {SInv} (Okawaru gifted
                  | it to you on level 4 of the Vaults)
 30871 | Vaults:4 | Received a gift from Okawaru
 31547 | Vaults:4 | Got Ytwi's Almanac of Iniquitous Secrets
 31976 | Vaults:3 | Found a crumbling gateway.
 31991 | Desolati | Entered the Desolation of Salt
 32048 | Desolati | Reached skill level 15 in Fighting
 32054 | Desolati | Reached XP level 20. HP: 162/162 MP: 26/29
 32126 | Desolati | Identified the +4 pair of boots of Zaipre Leol {rN++ Int+2}
                  | (Okawaru gifted it to you in the Desolation of Salt)
 32126 | Desolati | Received a gift from Okawaru
 32148 | Desolati | Identified the +6 war axe "Jaeco" {pain, *Noise Fragile rN+
                  | Will++}
 32151 | Desolati | Identified the ring "Waere" {Ice Contam rN++ Slay+4}
 32259 | Desolati | Identified the ring "Vecihaus" {rElec rPois MP+9 Str+3
                  | Int+3}
 32261 | Desolati | Identified the ring of Pexueq {rN+ Will+ Dex-2 SInv Stlth+}
 32263 | Desolati | Identified the ring of Fuogi {rPois MP+9 Str+3 Slay+3}
 32433 | Desolati | Identified the +6 mace of Abomination {vorpal, rN+}
 32616 | Desolati | Found the +7 lajatang of Order {silver, rMut}
 32636 | Desolati | Got the Secrets of Excruciating Command
 32638 | Desolati | Got Sif Muna's Parchment of the Quantum Salvo
 32640 | Desolati | Got the Secrets of the Camelopard
 32641 | Desolati | Identified the ring of the Shining One's Whim {Will+ MP+9}
 32949 | Vaults:3 | Identified the +2 pair of gloves of Charity {rPois Str+2}
                  | (Okawaru gifted it to you on level 3 of the Vaults)
 32949 | Vaults:3 | Received a gift from Okawaru
 33461 | Vaults:3 | Noticed Mennas
 33514 | Vaults:3 | Found a transporter.
 33533 | Vaults:3 | Found a transporter.
 33888 | Vaults:3 | Identified the +3 scale mail of the Ferocious God {rElec}
                  | (Okawaru gifted it to you on level 3 of the Vaults)
 33888 | Vaults:3 | Received a gift from Okawaru
 33956 | Vaults:3 | Found Orhath's Jewellery Shoppe.
 34040 | Vaults:3 | Found a staircase to the Crypt.
 34303 | Vaults:3 | Reached XP level 21. HP: 176/176 MP: 22/30
 34361 | Vaults:3 | Identified the +1 pair of gloves of Duty {-Cast Harm Dex+3}
 34715 | Vaults:2 | Identified the +8 shortbow of the Crypt {vorpal, SInv
                  | Stlth+} (Okawaru gifted it to you on level 2 of the Vaults)
 34715 | Vaults:2 | Received a gift from Okawaru
 35255 | Vaults:2 | Killed Lim Moa's ghost
 35268 | Vaults:2 | Killed Flugkiller's ghost
 35410 | Depths:1 | Entered Level 1 of the Depths
 35477 | Depths:1 | Found Hoecsik's Magic Scroll Shoppe.
 35486 | Depths:1 | Bought a scroll of torment for 142 gold pieces
 35500 | Depths:1 | Found a one-way gateway to a ziggurat.
 35963 | Depths:1 | Found a gateway to Hell.
 35968 | Depths:1 | Received a gift from Okawaru
 35982 | Depths:1 | Found Luiw's Jewellery Emporium.
 35985 | Depths:1 | Found Ilipesuf's Armour Shoppe.
 35993 | Depths:1 | Noticed a juggernaut
 36005 | Depths:1 | Killed a juggernaut
 36006 | Depths:1 | Found Saocw's Magic Scroll Emporium.
 36017 | Depths:1 | Bought a scroll of enchant armour for 127 gold pieces
 36074 | Depths:1 | Found a hide-covered altar of Uskayaw.
 36095 | Depths:1 | Found a corrupted altar of Lugonu.
 36417 | Depths:2 | Reached skill level 19 in Ranged Weapons
 36466 | Depths:2 | Found a one-way gate leading to the halls of Pandemonium.
 36522 | Depths:2 | Identified the +8 arbalest of Annoyance {elec, Fly rElec
                  | Int-4} (Okawaru gifted it to you on level 2 of the Depths)
 36522 | Depths:2 | Received a gift from Okawaru
 36904 | Depths:2 | Found a portal to a secret trove of treasure.
 37150 | Depths:3 | Reached XP level 22. HP: 187/187 MP: 31/31
 37161 | Depths:3 | Identified the +1 robe "Humiaroqio" {rN+ Dex+4 Slay-2}
 37179 | Depths:3 | Found a one-way gate to the infinite horrors of the Abyss.
 37400 | Depths:3 | Received a gift from Okawaru
 37413 | Depths:3 | Reached skill level 20 in Ranged Weapons
 37920 | Snake:3  | Bought the ring of Gifenti {Fire rN+ Str-5 Int+3 Dex+6} for
                  | 713 gold pieces
 38675 | Depths:4 | Entered Level 4 of the Depths
 38817 | Depths:4 | Noticed a golden dragon
 38828 | Depths:4 | Killed a golden dragon
 38907 | Depths:4 | Found a gate to the Realm of Zot.
 38991 | Depths:4 | Identified the +0 cloak "Vogeogeph" {Regen+} (Okawaru
                  | gifted it to you on level 4 of the Depths)
 38991 | Depths:4 | Received a gift from Okawaru
 39039 | Depths:4 | Noticed Xtahua
 39045 | Depths:4 | Killed Xtahua
 39141 | Depths:4 | Noticed a dread lich
 39158 | Depths:4 | Killed a dread lich
 39159 | Depths:4 | Reached skill level 21 in Ranged Weapons
 39365 | Depths:4 | Reached XP level 23. HP: 192/196 MP: 32/32
 39864 | Vaults:5 | Entered Level 5 of the Vaults
 39939 | Vaults:5 | Received a gift from Okawaru
 40255 | Vaults:5 | Found Xieh's Magic Scroll Shoppe.
 40260 | Vaults:5 | Bought a scroll of blinking for 135 gold pieces
 40272 | Vaults:5 | Found Itrymu's Magic Scroll Emporium.
 40277 | Vaults:5 | Bought a scroll of fear for 60 gold pieces
 40326 | Vaults:5 | Received a gift from Okawaru
 40442 | Vaults:5 | Received a gift from Okawaru
 40560 | Vaults:5 | Found the +3 woodcutter's axe {vorpal}
 40611 | Vaults:5 | Identified the amulet "Qogev" {RegenMP rElec rN+ Int+3
                  | Dex-3}
 40618 | Vaults:5 | Identified the +4 ring mail of the Okapi {rElec rC- rN+++
                  | Str+2}
 40668 | Vaults:5 | Got a silver rune of Zot
 40706 | Vaults:5 | Reached skill level 22 in Ranged Weapons
 40811 | Vaults:5 | Identified the ring of Tobbep {rF+ rN+}
 40998 | Vaults:5 | Noticed an ancient lich
 41006 | Vaults:5 | Killed an ancient lich
 41044 | Vaults:5 | Got the Precepts of Scorching Execration
 41046 | Vaults:5 | Identified the amulet "Acwoic" {Regen+ Dex+2 Stlth+}
 41068 | Vaults:5 | Identified the +3 long sword of the Distant Future {freeze,
                  | rF- rC+ Stlth+}
 41401 | Vaults:5 | Noticed an ancient lich
 41406 | Vaults:5 | Killed an ancient lich
 41406 | Vaults:5 | Identified the +1 crystal plate armour "Izurowag" {rF+
                  | Will+ Slay+2} (Okawaru gifted it to you on level 5 of the
                  | Vaults)
 41406 | Vaults:5 | Received a gift from Okawaru
 42130 | Depths:2 | You paid a toll of +2 shadow dragon scales to enter a
                  | treasure trove
 42131 | Trove    | Entered a treasure trove
 42147 | Trove    | Got Sif Muna's Handbook of the Blizzard and Forms
 42187 | Trove    | Got Sif Muna's Monograph on Ice and Bolts
 42190 | Trove    | Got Sif Muna's Commentary on Boreal Glamour
 42317 | Zot:1    | Entered Level 1 of the Realm of Zot
 42336 | Zot:1    | You fall into a shaft and drop 1 floor!
 42366 | Zot:2    | Reached XP level 24. HP: 204/204 MP: 29/32
 42486 | Zot:2    | Identified the +8 great mace of Perversion {vorpal, rCorr
                  | MP-9 Int+5 Dex-3}
 42993 | Zot:1    | Identified the +0 chain mail of the Guilds {Str+7} (Okawaru
                  | gifted it to you on level 1 of the Realm of Zot)
 42993 | Zot:1    | Received a gift from Okawaru
 43012 | Zot:1    | Noticed an orb of fire
 43023 | Zot:1    | Killed an orb of fire
 43065 | Zot:1    | Noticed an ancient lich
 43076 | Zot:1    | Killed an ancient lich
 43182 | Zot:1    | Identified the +3 short sword "Negrazuv" {vorpal, Fragile
                  | rN+++ rCorr Str+7}
 43641 | Zot:1    | Got the Vellum of Helpful Superposition
 43662 | Zot:1    | Identified the +0 chain mail "Notoat" {Contam +Blink rElec
                  | Slay+2}
 44102 | Zot:1    | Identified the +3 ring mail "Boadorch" {Will- Dex+2 SInv}
                  | (Okawaru gifted it to you on level 1 of the Realm of Zot)
 44102 | Zot:1    | Received a gift from Okawaru
 44231 | Zot:3    | Noticed a Killer Klown
 44231 | Zot:3    | Noticed a dread lich
 44264 | Zot:3    | Noticed a Killer Klown
 44264 | Zot:3    | Noticed a Killer Klown
 44267 | Zot:3    | Noticed a Killer Klown
 44269 | Zot:3    | Killed a Killer Klown
 44289 | Zot:2    | Killed a dread lich
 44532 | Zot:3    | Killed a Killer Klown
 44538 | Zot:3    | Killed a Killer Klown
 44543 | Zot:3    | Killed a Killer Klown
 44747 | Zot:3    | Reached skill level 15 in Evocations
 44791 | Zot:3    | Learned a level 3 spell: Portal Projectile
 44866 | Zot:3    | Reached skill level 1 in Translocations
 44890 | Zot:3    | Reached skill level 1 in Hexes
 44977 | Zot:3    | Reached XP level 25. HP: 129/210 MP: 31/32
 45872 | Zot:4    | Reached skill level 5 in Translocations
 45873 | Zot:4    | Identified the +7 crystal plate armour "Demi Tug" {Will+
                  | Dex+4} (Okawaru gifted it to you on level 4 of the Realm of
                  | Zot)
 45873 | Zot:4    | Received a gift from Okawaru
 46176 | Zot:4    | Identified the ring "Vunkaiqi" {Ice rCorr Dex+6}
 46176 | Zot:4    | Noticed Josephina
 46191 | Zot:4    | Killed Josephina
 46308 | Zot:4    | Reached skill level 5 in Hexes
 46328 | Zot:4    | Identified the +8 quarterstaff of Megalomania {drain,
                  | Str+3}
 46369 | Zot:4    | Identified the +0 leather armour of a ziggurat {Int+3}
 46938 | Zot:5    | Entered Level 5 of the Realm of Zot
 46990 | Zot:5    | Noticed a Killer Klown
 46995 | Zot:5    | Killed a Killer Klown
 47352 | Zot:5    | Received a gift from Okawaru
 47381 | Zot:5    | Reached skill level 10 in Translocations
 47384 | Zot:5    | Learned a level 2 spell: Blink
 47414 | Zot:5    | Noticed a dread lich
 47427 | Zot:5    | Killed a dread lich
 47447 | Zot:5    | Noticed an ancient lich
 47452 | Zot:5    | Noticed a Killer Klown
 47453 | Zot:5    | Killed an ancient lich
 47453 | Zot:5    | Noticed an orb of fire
 47453 | Zot:5    | Noticed an orb of fire
 47466 | Arena    | Entered the Arena
 47471 | Arena    | Killed an orb of fire
 47497 | Zot:5    | Killed a Killer Klown
 47510 | Zot:5    | Killed an orb of fire
 47535 | Zot:5    | Noticed an orb of fire
 47542 | Zot:5    | Killed an orb of fire
 47680 | Arena    | Entered the Arena
 47813 | Arena    | Entered the Arena
 47836 | Zot:5    | Noticed a dread lich
 47836 | Zot:5    | Noticed a dread lich
 47840 | Zot:5    | Identified the +2 cloak of Wonderful Happiness {MP-9 Str+3
                  | Dex+2} (Okawaru gifted it to you on level 5 of the Realm of
                  | Zot)
 47840 | Zot:5    | Received a gift from Okawaru
 47842 | Zot:5    | Killed a dread lich
 47842 | Zot:5    | Noticed a dread lich
 47843 | Zot:5    | Killed a dread lich
 47843 | Zot:5    | Noticed an orb of fire
 47844 | Zot:5    | Reached XP level 26. HP: 188/220 MP: 24/33
 47847 | Zot:5    | Noticed an orb of fire
 47852 | Zot:5    | Killed an orb of fire
 47857 | Zot:5    | Killed an orb of fire
 47859 | Zot:5    | Noticed an ancient lich
 47882 | Zot:4    | Killed a dread lich
 48726 | Zot:5    | Killed an ancient lich
 48847 | Zot:5    | Got the Orb of Zot
 49235 | D:10     | Noticed Yralid the pandemonium lord
 49239 | D:10     | Paralysed by you for 4 turns
 49274 | D:10     | Paralysed by you for 3 turns
 49274 | D:10     | HP: 11/222 [Yralid the pandemonium lord (17)]
 49275 | D:10     | Killed from afar by a lich

Illustrated notes

Levels and vault maps discovered:
D:1:      ncdulo_halloftheorcs, layout_basic,
          hellmonk_ecumenical_altar_leap_of_faith
D:2:      layout_loops_corners
D:3:      layout_loops_ring
D:4:      layout_rooms, mainiacjoe_overflow_tiny_flanked,
          corexii_leaking_fountain, hangedman_abyss_or_decor_jellyfish_corner,
          dreamdust_wishing_well, chequers_serial_rivers_room_a, uniq_sigmund
D:5:      nicolae_cairo_tiling_large_dashed, layout_basic
D:6:      layout_basic, nicolae_yredelemnul_ghost_church, serial_shops,
          nicolae_shop_advertising_works [nicolae_subvault_shop_adworks],
          kennysheep_generic_room_11, uniq_prince_ribbit1
D:7:      layout_loops_ring, minmay_temple_entry_stoned_glass, enter_bailey_3,
          water_boxes_lemuel
D:8:      layout_loops_ring, serial_shops, shop, kennysheep_mini_moat, shop,
          shop
D:9:      layout_basic, david_lair_generic, blue_anna_alchemist, uniq_erica,
          uniq_maggie, uniq_maurice
D:10:     layout_roguey [special_room_kobold]
D:11:     layout_gridville, chequers_hall_statues_wall_a
D:12:     layout_irregular_city, chequers_serial_rivers_marsh
D:13:     layout_basic, uniq_nessos
D:14:     layout_roguey, erik_vaults_2, nicolae_qazlal_eye_of_the_storm,
          nicolae_gozag_seed_capital
D:15:     grunt_enter_depths_snipers, layout_cave_pools, xom_teletrap_fun,
          drop_trap
Lair:1:   layout_regular_city, chequers_serial_rivers_room_a
Lair:2:   layout_regular_city, shoals_dummy_entry,
          minmay_snake_entry_spellcaster, basic_altar,
          infiniplex_staircase_pool_2, uniq_nergalle, uniq_amaemon
Lair:3:   layout_concentric_octagons, portal_ice_cave_entry_pillars_1,
          grunt_forest_large_clearings, lemuel_fruit_tree, grunt_megastairs_2
Lair:4:   layout_regular_city, slime_entry_1, basic_altar, serial_bayou_shore_b,
          grunt_megastairs_5
Lair:5:   due_jungle_book, layout_regular_city, gauntlet_entry_generic,
          wad_woods_road_03, chequers_serial_rivers_room_b, serial_bayou_ford_a
Shoals:1: layout_shoals, lemuel_altar_in_water, nicolae_shoals_this_corrosion,
          uniq_donald, uniq_mlioglotl, uniq_nikola
Shoals:2: cheibrodos_shoals_epimethial_gifts, layout_shoals, serial_shops,
          nicolae_shop_trees, nicolae_shoals_enchanted_isle
Shoals:3: layout_shoals, serial_shops, nicolae_shop_waterfront,
          hangedman_shoal_volcano, uniq_louise
Shoals:4: shoals_end_hellmonk_storm_palace [storm_palace_center_ruins,
          storm_palace_corner_reverse_hut, storm_palace_corner_pillars,
          storm_palace_corner_blocked, storm_palace_corner_altar],
          uniq_polyphemus
Snake:1:  layout_misc_corridors
Snake:2:  layout_rooms, serial_shops, nicolae_take_the_stairs,
          grunt_megastairs_3, uniq_roxanne, uniq_saint_roka, uniq_vashnia
Snake:3:  layout_cave_town, serial_shops, shop, nicolae_snake_serpentine_bazaar,
          serial_bayou_shore_b, minmay_shoptagon, serial_bayou_shore_a,
          uniq_asterion
Snake:4:  grunt_snake_rune_pools, layout_cave_town, basic_altar, uniq_aizul,
          uniq_mara
Orc:1:    layout_caves, basic_altar, nicolae_volcano_entry_batcave,
          minmay_orc_temple_c
Orc:2:    grunt_orc_community_town_hall, layout_diamond_mine,
          grunt_orc_community_big_house_1, grunt_orc_community_big_house_1,
          grunt_orc_community_house_1, grunt_orc_community_house_1,
          grunt_orc_community_house_2, grunt_orc_community_house_3, basic_altar,
          uniq_azrael
Vaults:1: v_misc_33, hangedman_vaults_stretched_pinwheel,
          nicolae_vaults_little_squares_1, v_rooms_6, v_misc_22, v_misc_13,
          vaults_room_fours, layout_vaults_omnigrid, serial_shops, bzr_firewalk
Vaults:2: gammafunk_ghost_cemetery, nicolae_vaults_little_squares_3,
          ontoclasm_vaults_hangar, v_alt_pattern_6, v_misc_1,
          nicolae_vaults_big_ls, serial_ice_h, ontoclasm_vaults_pinch,
          nicolae_vaults_yaktaur_gun_rack, ontoclasm_vaults_eye,
          nicolae_vaults_border_crossing, st_smaller_cells,
          grunt_vaults_diagonal, layout_vaults_maze_snakey, serial_shops,
          nicolae_shop_behind_doors, nicolae_diamond_shop, shop_statue,
          uniq_bai_suzhen
Vaults:3: portal_desolation_entry_twin_temple, nicolae_vaults_asterisk,
          vaults_room_stairs_pillars, v_misc_12, v_rooms_2,
          ontoclasm_vaults_hangar, gammafunk_the_bubble
          [the_bubble_gammafunk_split], v_pattern_1, hangedman_vaults_nodes,
          minmay_crypt_entry_simple_plaza, grunt_vaults_funnel,
          vaults_room_grunt_arrival_checkpoint, nicolae_vaults_little_squares_3,
          v_misc_14, serial_ice_g, nicolae_vaults_little_squares_1,
          layout_vaults_omnibox, serial_shops, shop, uniq_mennas
Vaults:4: ontoclasm_vaults_chip, vaults_room_fancy_cross, grunt_vaults_bifocal,
          hangedman_vaults_stitches, hangedman_vaults_unwind, v_misc_13,
          vaults_dpeg_encased_lava, layout_vaults_omnicross
Vaults:5: serial_shops
Depths:1: layout_gridville, enter_ziggurat_c, nicolae_uskayaw_dance_hall,
          hell_entry, serial_shops, shop_statue, tgw_lugonu_bribe,
          minmay_shop_star
Depths:2: kennysheep_ambush_hall, layout_long_grid, pf_hell_entry_great_geh,
          grunt_pan_entry_spiral, nicolae_trove_entry_columns,
          serial_bayou_pond_e, minmay_staircase_statues_hall_small
Depths:3: minmay_the_grid_3x2 [minmay_the_grid_small_cups,
          minmay_the_grid_slots, minmay_the_grid_paths,
          minmay_the_grid_minigrid_small, minmay_the_grid_doors,
          minmay_the_grid_prize_trominoes], layout_cave_pools, lightli_too_deep,
          infiniplex_staircase_pillars_3a, rand_demon_pan_entry_9,
          hangedman_abyss_entry_splay
Depths:4: evilmike_zot_entry_hall, layout_basic, special_room
          [special_room_morgue], grunt_hell_entry_dis_grunt, uniq_margery,
          uniq_xtahua
Zot:1:    hangedman_zot_vaults_quadrants, layout_concentric_octagons,
          st_small_dragon_hoard_3
Zot:2:    layout_basic
Zot:3:    ebering_klown_carousel, layout_onion, skrybe_zot_glass_1
Zot:4:    kennysheep_oblong_rooms, layout_gridlike, zot_minivault_4,
          grunt_megastairs_4, uniq_josephina
Zot:5:    layout_twisted_circle

Skill      XL: |  1  2  3  4  5  6  7  8  9 10 11 12 13 14 15 16 17 18 19 20 21 22 23 24 25 26 |
---------------+-------------------------------------------------------------------------------+-----
Ranged Weapons | 4 5 6 8 10 11 13 14 15 17 18 19 21 22 | 22.7
Invocations    | 2 4 7 8 10 11 | 11.0
Dodging        | 3 4 5 7 8 9 10 12 14 16 17 18 20 21 | 21.0
Fighting       | 4 6 8 9 11 13 14 15 17 19 20 21 | 21.4
Evocations     | 1 2 3 5 6 9 10 15 | 15.2
Armour         | 9 11 | 11.0
Spellcasting   | 2 6 7 |  7.0
Air Magic      | 1 6 8 |  8.0
Translocations | 2 12 | 12.0
Hexes          | 1 7 |  7.0
Stealth        | |  0.7

Action                   |  1- 3 |  4- 6 |  7- 9 | 10-12 | 13-15 | 16-18 | 19-21 | 22-24 | 25-27 || total
-------------------------+-------+-------+-------+-------+-------+-------+-------+-------+-------++-------
Melee: Triple crossbow   |       |       |       |       |       |       |       |       |     9 ||     9
 Fire: Shortbow          |    58 |   110 |   397 |       |       |    11 |       |       |       ||   576
       Arbalest          |       |       |     6 |   175 |  1142 |  1118 |  1398 |   975 |    67 ||  4881
       Longbow           |       |       |       |    69 |       |       |       |       |       ||    69
       Triple crossbow   |       |       |       |   126 |    66 |       |       |   223 |   416 ||   831
       Hand crossbow     |       |       |       |       |       |   367 |       |       |       ||   367
 Cast: Swiftness         |       |       |       |       |       |       |     3 |     1 |     2 ||     6
       Portal Projectile |       |       |       |       |       |       |       |       |     2 ||     2
Invok: Heroism           |       |     2 |     8 |     9 |    22 |    35 |    18 |    23 |    11 ||   128
       Finesse           |       |       |     1 |     4 |    13 |    12 |    15 |    13 |     5 ||    63
       Duel              |       |       |       |       |       |       |       |       |     3 ||     3
Evoke: Wand              |     2 |       |     6 |       |     1 |     2 |       |     5 |       ||    16
       Condenser vane    |       |       |       |       |       |     1 |       |     1 |       ||     2
       Tin of tremorston |       |       |       |       |       |       |       |     1 |       ||     1
  Use: Scroll            |     3 |       |     5 |     2 |    10 |     4 |     8 |     7 |     6 ||    45
Armor: Leather armour    |     6 |    16 |    42 |       |       |       |       |       |       ||    64
       Troll leather arm |       |       |       |    41 |   136 |       |       |       |       ||   177
       Ring mail         |       |       |       |       |    23 |   129 |   172 |   158 |    92 ||   574
Dodge: Dodged            |    16 |    43 |   145 |   210 |   772 |   981 |  1056 |   932 |   354 ||  4509

Table legend: (Time is in decaauts)
 A = Elapsed time spent in this place.
 B = Non-inter-level travel time spent in this place.
 C = Inter-level travel time spent in this place.
 D = Time resting spent in this place.
 E = Time spent auto-exploring this place.
 F = Levels seen in this place.
 G = Mean time per level.
                   A        B        C        D        E       F      G
               +--------+--------+--------+--------+--------+-----+--------+
         Total |  50164 |  45724 |   4440 |   5263 |  27271 |  54 |  929.0 |
       Dungeon |  13258 |  11742 |   1516 |    647 |   8406 |  15 |  883.9 |
          Lair |   4773 |   4399 |    374 |    164 |   3185 |   5 |  954.6 |
        Shoals |   4070 |   3875 |    195 |    575 |   2038 |   4 | 1017.5 |
     Snake Pit |   4628 |   4112 |    516 |    475 |   2380 |   4 | 1157.0 |
  Orcish Mines |   1543 |   1465 |     78 |     97 |    795 |   2 |  771.5 |
        Vaults |   7790 |   7042 |    748 |    807 |   4076 |   5 | 1558.0 |
        Depths |   4155 |   3572 |    583 |    221 |   2402 |   4 | 1038.8 |
           Zot |   6651 |   6225 |    426 |   1558 |   3000 |   5 | 1330.2 |
        Bazaar |     41 |     41 |      0 |      0 |     18 |   1 |   41.0 |
         Trove |     80 |     80 |      0 |      0 |     48 |   1 |   80.0 |
        Bailey |    793 |    793 |      0 |    180 |    186 |   1 |  793.0 |
      Ice Cave |    890 |    890 |      0 |    323 |    286 |   1 |  890.0 |
       Volcano |    198 |    198 |      0 |      0 |     38 |   1 |  198.0 |
    Desolation |    868 |    868 |      0 |     75 |    307 |   1 |  868.0 |
      Gauntlet |    363 |    363 |      0 |    110 |    103 |   1 |  363.0 |
         Arena |     56 |     56 |      0 |     29 |      0 |   3 |   18.7 |
               +--------+--------+--------+--------+--------+-----+--------+

Top non-repeatable levels by time:
Vaults:5: 2012 daAuts
   Zot:5: 1810 daAuts
Vaults:3: 1643 daAuts
Vaults:1: 1611 daAuts
     D:9: 1514 daAuts
   Zot:1: 1384 daAuts
Shoals:4: 1378 daAuts
 Snake:4: 1343 daAuts
 Snake:2: 1313 daAuts
   Zot:4: 1308 daAuts
Vaults:2: 1288 daAuts
 Snake:3: 1285 daAuts
Vaults:4: 1234 daAuts
  Lair:5: 1185 daAuts
     D:7: 1159 daAuts
